 Dungeon Crawl Stone Soup version 0.17-a0-2101-g0c122e7 (webtiles) character file.

220526 brucemayne the Executioner (level 18, -2/159 (161) HPs)
             Began as a Hill Orc Berserker on Oct 18, 2015.
             Was a Priest of Trog.
             Splashed by the royal jelly's acid (4 damage)
             ... on level 6 of the Pits of Slime.
             The game lasted 01:35:50 (16062 turns).

brucemayne the Executioner (Hill Orc Berserker)    Turns: 16062, Time: 01:35:50

HP:   -2/159 (161)  AC: 20    Str: 28      XL:     18   Next: 68%
MP:   3/7           EV: 15    Int: 12      God:    Trog [***...]
Gold: 562           SH:  0    Dex: 14 (15) Spells: 0 memorised, 17 levels left

rFire  + . .     SeeInvis .     G - +4 executioner's axe (antimagic)
rCold  + + .     Clarity  .     h - +3 crystal plate armour
rNeg   . . .     SustAt   .     (no shield)
rPois  +         Gourm    .     j - +0 helmet
rElec  +         Spirit   .     R - +0 cloak {rF+}
rCorr  +         Warding  .     b - +0 pair of gloves
rMut   +         Stasis   .     w - +0 pair of boots
MR     ++...                    s - amulet of resist mutation
Stlth  ..........               D - ring of protection from magic
                                t - ring of ice

@: mighty, agile, resistant, corroded equipment, very slightly contaminated,
hasted, very quick, very resistant to hostile enchantments, extremely unstealthy
A: claws 1, molten scales 1, deterioration 1
a: Burn Spellbooks, Berserk, Trog's Hand, Renounce Religion
}: 2/15 runes: decaying, serpentine


You were on level 6 of the Pits of Slime.
You worshipped Trog.
Trog was most pleased with you.
You were full.

You visited 6 branches of the dungeon, and saw 39 of its levels.
You also visited: Labyrinth and Volcano.

You collected 2710 gold pieces.
You spent 2148 gold pieces at shops.

Inventory:

Hand Weapons
 G - a +4 antimagic executioner's axe (weapon)
Missiles
 a - 4 javelins of returning
 q - a silver javelin (quivered)
 A - 5 poisoned javelins
Armour
 b - a +0 pair of gloves (worn)
 h - a +3 crystal plate armour (worn)
 i - the +3 hat of Pondering {ponderous, MR+ MP+10 Int+5}
   (You took it off Gastronok on level 8 of the Dungeon)

   It affects your intelligence (+5).
   It affects your resistance to hostile enchantments.
   It affects your magic capacity (+10).
 j - a +0 helmet (worn)
 w - a +0 pair of boots (worn)
 R - a +0 cloak of fire resistance (worn)
Jewellery
 f - an uncursed ring of protection from fire
 g - the ring "Suckesch" {rN++ Str+5 Int-5 Stlth+}
   (You found it in a labyrinth)

   [ring of stealth]

   It affects your strength (+5).
   It affects your intelligence (-5).
   It greatly protects you from negative energy.
   It makes you more stealthy.
 n - an uncursed ring of poison resistance
 s - an amulet of resist mutation (around neck)
 t - a ring of ice (left hand)
 x - an uncursed amulet of guardian spirit
 D - a ring of protection from magic (right hand)
 H - an uncursed amulet of warding
 J - an uncursed ring of invisibility
Wands
 l - a wand of fireball (6)
 u - a wand of digging (15)
 v - a wand of heal wounds (2)
 F - a wand of cold (3)
 N - a wand of disintegration (14)
Scrolls
 d - 2 scrolls of fog
 k - 4 scrolls of identify
 y - 5 scrolls of remove curse
 B - a scroll of fear
 C - a scroll of blinking
Potions
 r - a potion of might
 E - a potion of haste
 Y - 2 potions of invisibility
 Z - a potion of curing
Books
 e - a book of Clouds

   Spells                             Type                      Level
   a - Mephitic Cloud                 Conjuration/Poison/Air       3
   b - Conjure Flame                  Conjuration/Fire             3
   c - Poisonous Cloud                Conjuration/Poison/Air       6
   d - Freezing Cloud                 Conjuration/Ice/Air          6
   e - Ring of Flames                 Charms/Fire                  7
   Trog disapproves of the use of such an item.
Miscellaneous
 X - a box of beasts {used: 1}
Comestibles
 o - 3 meat rations
 S - a bread ration


   Skills:
 + Level 14.5 Fighting
 - Level 26.0 Axes
 + Level 18.3 Armour
 - Level 8.0 Dodging
 - Level 7.9 Evocations


You had 17 spell levels left.
You didn't know any spells.

Dungeon Overview and Level Annotations

Branches:
Dungeon (13/15)              Lair (8/8) D:10          Swamp (4/4) Lair:3
  Snake (4/4) Lair:5        Slime (6/6) Lair:7          Orc (4/4) D:11
    Elf (0/3) Orc:4
 Temple: D:4-7       Vaults: D:13-14

Altars:
Ashenzari
Cheibriados
Trog
Xom
Jiyva

Shops:
Orc:1 [   Orc:2 (   Orc:3 (   Orc:4 [*[!   Snake:3 =}

Portals:
Trove: D:11 (give horn of Geryon)

Annotations:
D:13 Maud
Snake:3 Jorgrun
Slime:6 Royal Jelly
Orc:3 Sonja
Orc:4 Saint Roka


Innate Abilities, Weirdness & Mutations

You have sharp fingernails.
You are partially covered in molten scales (AC +1).
Your body sometimes deteriorates upon taking damage.


Message History

The royal jelly misses you.
Unknown command.
You slash the royal jelly!
Your hands burn!
The royal jelly is heavily wounded.
You slash the death ooze!
The death ooze is moderately damaged.
Your juvenile oxweird beast hits the royal jelly.
Your juvenile oxweird beast is burned by acid!
Your juvenile oxweird beast tramples the royal jelly.
The royal jelly holds its ground!
Your juvenile oxweird beast is burned by acid!
The death ooze hits you!
* * * LOW HITPOINT WARNING * * *
Your flesh rots away! x2
The death ooze hits you but does no damage.
The royal jelly hits you!!!
* * * LOW HITPOINT WARNING * * *
Your body deteriorates!
You feel clumsy.
You are splashed with acid!
The acid burns!
You resist.
You die...

.# .## ..J J. J#
##J# #JJ# .# #J##
..# #H@# ...# ##J#
..... #JJ#
.....#####.### ##.
.......#.....##...
...................
...................
...................
...................


You could see the royal jelly, an acid blob, 2 azure jellies, a death ooze and a
friendly juvenile oxweird beast.

Vanquished Creatures
  Mara (Swamp:3)
  A tentacled monstrosity (Swamp:4)
  A Shadow Fiend (Swamp:4)
  10 acid blobs
  Gastronok (D:8)
  A thorn hunter (Swamp:4)
  Agnes (Snake:3)
  8 greater nagas
  2 azure jellies
  A minotaur (Lab)
  Snorg (Lair:6)
  2 green deaths (Swamp:4)
  Fannar (Lair:3)
  4 hydras (Swamp:4)
  17 naga warriors
  22 anacondas
  A ghost crab (Swamp:4)
  3 ogre magi (Orc:4)
  4 alligators
  13 naga sharpshooters
  6 shock serpents
  Urug (Orc:2)
  A thrashing horror (Swamp:4)
  2 spriggans (Swamp:3)
  6 salamander mystics
  The ghost of st0uf the Thaumaturge, a novice DEWz of Sif Muna (Lair:1)
  A spriggan druid (Swamp:3)
  5 naga ritualists
  7 swamp dragons
  5 hill giants
  6 ugly things
  4 lindwurms (Snake:4)
  12 mana vipers
  An orc sorcerer (Orc:4)
  3 shining eyes
  A hornet (Swamp:4)
  11 salamanders
  21 naga magi
  An orange demon (Swamp:4)
  3 eyes of devastation
  32 black mambas
  A gargoyle (D:13)
  12 guardian serpents
  Psyche (D:9)
  17 elephants
  17 spiny frogs
  4 trolls
  5 komodo dragons
  6 polar bears
  2 fire drakes (Lair:6)
  8 giant leeches
  A trapdoor spider zombie (D:12)
  A boulder beetle (Lair:8)
  8 two-headed ogres (Orc:4)
  6 bog bodies
  24 blink frogs
  42 slime creatures
  4 shadows (Swamp:4)
  A trapdoor spider (D:12)
  3 wyverns
  3 basilisks
  A deep elf fighter (D:10)
  5 hippogriffs
  3 large abominations (Swamp:4)
  9 golden eyes
  38 yaks
  5 wolves (Lair:4)
  6 vampire mosquitoes (Lair:8)
  4 swamp worms
  4 wargs
  6 insubstantial wisps
  8 hungry ghosts (Lab)
  5 water moccasins
  3 ice beasts
  34 nagas
  7 porcupines
  2 sky beasts
  A black bear (D:9)
  8 orc warriors
  2 wasps (Swamp:3)
  A necrophage (D:9)
  A phantom (D:13)
  19 ogres
  A big kobold (D:12)
  4 eyes of draining
  27 giant frogs
  2 centaurs
  7 crocodiles
  2 scorpions
  2 quasits
  A killer bee (D:8)
  4 electric eels
  3 crimson imps
  3 centaur zombies
  A giant frog zombie (D:3)
  29 orc wizards
  3 centaur skeletons
  16 jellies
  16 orc priests
  Jessica (D:2)
  8 worker ants
  7 iguanas
  12 sheep
  A killer bee zombie (D:8)
  Robin (D:2)
  10 adders
  48 river rats
  4 oozes
  128 orcs
  A giant cockroach (D:5)
  11 goblins
  4 hobgoblins
  A quokka (D:12)
  12 bats
  2 giant geckos
  2 giant newts (D:2)
  14 jackals
  11 kobolds
  15 rats
  4 fungi
  7 plants
988 creatures vanquished.

Vanquished Creatures (collateral kills)
  Vashnia (Snake:3)
  An ogre mage (Orc:4)
  4 naga sharpshooters
  A salamander (Volcano)
  6 two-headed ogres (Orc:4)
  A slime creature (Slime:6)
  9 ogres (Orc:4)
  2 orc wizards (Orc:4)
  A jelly (Slime:6)
  4 orcs
30 creatures vanquished.

Vanquished Creatures (others)
  A yak (D:13)
  An orc (D:9)
  3 briar patches (Swamp:4)
  9 fungi
  5 plants (Lair:8)
19 creatures vanquished.

Grand Total: 1037 creatures vanquished

Notes
Turn   | Place    | Note
--------------------------------------------------------------
     0 | D:1      | brucemayne the Hill Orc Berserker began the quest for the Orb.
     0 | D:1      | Reached XP level 1. HP: 19/19 MP: 1/1
    79 | D:2      | Reached XP level 2. HP: 26/26 MP: 2/2
    84 | D:2      | Noticed Robin
   134 | D:2      | Noticed Jessica
   143 | D:2      | Killed Jessica
   143 | D:2      | Reached skill level 5 in Axes
   143 | D:2      | Reached XP level 3. HP: 31/31 MP: 3/3
   145 | D:2      | Reached skill level 6 in Axes
   209 | D:2      | Reached ** piety under Trog
   212 | D:2      | Killed Robin
   212 | D:2      | Reached XP level 4. HP: 39/39 MP: 4/4
   360 | D:2      | Found a shattered altar of Ashenzari.
   554 | D:4      | Reached skill level 7 in Axes
   565 | D:4      | Reached XP level 5. HP: 39/45 MP: 5/5
   565 | D:4      | Reached skill level 8 in Axes
   624 | D:4      | Noticed a giant frog
   641 | D:4      | Killed a giant frog
   641 | D:4      | Reached XP level 6. HP: 32/51 MP: 6/6
   707 | D:3      | Reached skill level 9 in Axes
   710 | D:3      | Found a faded altar to an unknown god.
   878 | D:5      | Entered Level 5 of the Dungeon
   888 | D:5      | Reached skill level 10 in Axes
   888 | D:5      | Reached XP level 7. HP: 51/57 MP: 7/7
   951 | D:4      | Found a shimmering altar of Xom.
  1001 | D:4      | Found a large runed door.
  1006 | D:4      | Found a large runed door.
  1009 | D:4      | Noticed a wyvern
  1010 | D:4      | Found a large runed door.
  1010 | D:4      | Found a large runed door.
  1021 | D:4      | Killed a wyvern
  1021 | D:4      | Reached skill level 11 in Axes
  1142 | D:5      | Reached *** piety under Trog
  1249 | D:6      | Reached XP level 8. HP: 64/64 MP: 8/8
  1253 | D:6      | Gained mutation: You have a pair of small horns on your head. [mutagenic meat]
  1254 | D:6      | Gained mutation: Armour fits poorly on your strangely shaped body. [mutagenic meat]
  1255 | D:6      | Gained mutation: Your body sometimes deteriorates upon taking damage. [mutagenic meat]
  1256 | D:6      | Gained mutation: You are partially covered in molten scales (AC +1). [mutagenic meat]
  1257 | D:6      | Gained mutation: You have a pair of horns on your head. [potion of beneficial mutation]
  1267 | D:6      | Found a snail-covered altar of Cheibriados.
  1315 | D:8      | Noticed Gastronok
  1320 | D:8      | Reached skill level 12 in Axes
  1329 | D:8      | Killed Gastronok
  1329 | D:8      | Reached skill level 15 in Axes
  1329 | D:8      | Reached XP level 9. HP: 65/70 MP: 9/9
  1511 | D:7      | Reached skill level 16 in Axes
  1664 | D:8      | You fall through a shaft!
  1672 | D:10     | Entered Level 10 of the Dungeon
  1681 | D:10     | Reached skill level 5 in Fighting
  1717 | D:9      | Reached XP level 10. HP: 78/83 MP: 10/10
  1785 | D:9      | Reached skill level 5 in Armour
  1789 | D:9      | Gained mutation: Your body often deteriorates upon taking damage. [mutagenic meat]
  1791 | D:9      | Gained mutation: You have an increased reservoir of magic (+10% MP). [mutagenic meat]
  1792 | D:9      | Lost mutation: Your body often deteriorates upon taking damage. [mutagenic meat]
  1794 | D:9      | Gained mutation: Your body often deteriorates upon taking damage. [mutagenic meat]
  1843 | D:10     | Reached **** piety under Trog
  2138 | D:11     | Noticed a hill giant
  2148 | D:11     | Killed a hill giant
  2183 | D:11     | Noticed a hill giant
  2207 | D:11     | Killed a hill giant
  2304 | D:12     | Reached skill level 17 in Axes
  2539 | D:13     | Noticed a hill giant
  2595 | D:12     | Reached XP level 11. HP: 64/92 MP: 12/12
  2680 | D:13     | Noticed a green ugly thing
  2694 | D:13     | Killed a hill giant
  2694 | D:13     | Reached skill level 18 in Axes
  2695 | D:13     | Killed a green ugly thing
  2712 | D:13     | Noticed Maud
  3000 | D:12     | Noticed a hill giant
  3010 | D:12     | Killed a hill giant
  3010 | D:12     | Received a gift from Trog
  3037 | D:12     | Reached skill level 19 in Axes
  3069 | D:13     | Noticed a skeletal warrior
  3110 | D:12     | Noticed a seven-headed hydra
  3148 | D:12     | Noticed a hill giant
  3156 | D:12     | Killed a hill giant
  3291 | D:9      | Noticed Psyche
  3299 | D:9      | Killed Psyche
  3766 | D:10     | Noticed a centaur zombie
  3776 | D:10     | Killed a centaur zombie
  3796 | D:9      | Found a bloodstained altar of Trog.
  3991 | D:11     | Reached ***** piety under Trog
  4038 | D:11     | Found a portal to a secret trove of treasure.
  4114 | D:11     | Noticed a white ugly thing
  4144 | D:11     | Killed a white ugly thing
  4144 | D:11     | Reached skill level 20 in Axes
  4274 | D:11     | Found a staircase to the Orcish Mines.
  4288 | Orc:1    | Entered Level 1 of the Orcish Mines
  4352 | Orc:1    | Found Sumeg's Antique Armour Emporium.
  4388 | Orc:1    | Bought a pair of glowing gloves for 144 gold pieces
  4431 | Orc:1    | Reached XP level 12. HP: 55/101 MP: 13/13
  4489 | Orc:2    | Reached ****** piety under Trog
  4499 | Orc:2    | Received a gift from Trog
  4540 | Orc:2    | Found Rycideme's Antique Weapon Boutique.
  4575 | Orc:3    | Found Moacvunk's Antique Weapon Boutique.
  4626 | Orc:4    | Entered Level 4 of the Orcish Mines
  4762 | Orc:4    | Noticed an ogre mage
  4777 | Orc:4    | Killed an ogre mage
  4804 | Orc:4    | Found a staircase to the Elven Halls.
  4842 | Orc:4    | Noticed an ogre mage
  4850 | Orc:4    | Killed an ogre mage
  4856 | Orc:4    | Received a gift from Trog
  4869 | Orc:4    | Found Rastariy's Assorted Antiques.
  4869 | Orc:4    | Found Nuageowio's Distillery.
  4870 | Orc:4    | Found Ufuuc's Armour Emporium.
  4870 | Orc:4    | Found Cettar's Antique Armour Shop.
  4882 | Orc:4    | Reached skill level 10 in Fighting
  4892 | Orc:4    | Noticed an ogre mage
  4901 | Orc:4    | Killed an ogre mage
  4918 | Orc:4    | Bought an embroidered cloak for 135 gold pieces
  4937 | Orc:4    | Bought a +3 plate armour of magic resistance for 585 gold pieces
  4955 | Orc:4    | Bought a granite ring for 140 gold pieces
  4969 | Orc:4    | Noticed an ogre mage
  4980 | Orc:4    | Killed an ogre mage
  4984 | Orc:4    | Found a runed door.
  4999 | Orc:4    | Noticed Saint Roka
  5090 | Orc:3    | Noticed Sonja
  5215 | Orc:2    | Noticed Urug
  5232 | Orc:2    | Killed Urug
  5441 | D:10     | Found a staircase to the Lair.
  5454 | Lair:1   | Entered Level 1 of the Lair of Beasts
  5454 | Lair:1   | Noticed st0uf's ghost (novice DEWz)
  5474 | Lair:1   | Killed st0uf's ghost
  5502 | Lair:1   | Reached skill level 10 in Armour
  5618 | Lair:1   | Reached XP level 13. HP: 102/116 MP: 14/14
  5625 | Lair:1   | Received a gift from Trog
  5651 | Lair:1   | Found a labyrinth entrance.
  5669 | Lab      | Entered a labyrinth
  6131 | Lab      | Found an exit through the horrors of the Abyss.
  6561 | Lab      | Noticed a minotaur
  6568 | Lab      | Killed a minotaur
  6572 | Lab      | Got a fine iron ring
  6575 | Lab      | Identified the ring "Suckesch" {rN++ Str+5 Int-5 Stlth+} (You found it in a labyrinth)
  6805 | Lair:2   | Gained mutation: You have sharp fingernails. [potion of mutation]
  6805 | Lair:2   | Gained mutation: You are resistant to hostile enchantments. [potion of mutation]
  6805 | Lair:2   | Lost mutation: You have an increased reservoir of magic (+10% MP). [potion of mutation]
  6993 | Lair:3   | Lost mutation: You are resistant to hostile enchantments. [potion of cure mutation]
  6993 | Lair:3   | Lost mutation: Your body often deteriorates upon taking damage. [potion of cure mutation]
  6993 | Lair:3   | Lost mutation: Armour fits poorly on your strangely shaped body. [potion of cure mutation]
  6993 | Lair:3   | Lost mutation: You have a pair of horns on your head. [potion of cure mutation]
  6993 | Lair:3   | Lost mutation: You have a pair of small horns on your head. [potion of cure mutation]
  7211 | Lair:5   | Found a staircase to the Snake Pit.
  7428 | Lair:6   | Found a dark tunnel.
  7437 | Volcano  | Entered a volcano
  7655 | Lair:6   | Received a gift from Trog
  7676 | Lair:6   | Noticed Snorg
  7686 | Lair:6   | Killed Snorg
  7867 | Lair:8   | Entered Level 8 of the Lair of Beasts
  7931 | Lair:8   | Reached XP level 14. HP: 64/129 MP: 14/14
  8005 | Lair:8   | Reached skill level 5 in Dodging
  8242 | Lair:8   | Reached skill level 21 in Axes
  8280 | Lair:7   | Found a staircase to the Slime Pits.
  8327 | Lair:7   | Received a gift from Trog
  8729 | Lair:6   | Identified a scroll of acquirement
  8838 | Snake:1  | Entered Level 1 of the Snake Pit
  9333 | Snake:3  | Reached XP level 15. HP: 70/135 MP: 15/15
  9364 | Snake:3  | Noticed a greater naga
  9422 | Snake:3  | Killed a greater naga
  9636 | Snake:3  | Reached skill level 22 in Axes
  9752 | Snake:3  | Noticed Agnes
  9770 | Snake:3  | Killed Agnes
  9806 | Snake:3  | Noticed a greater naga
  9842 | Snake:3  | Killed a greater naga
  9842 | Snake:3  | Received a gift from Trog
  9889 | Snake:3  | Found Ynurgheih's Jewellery Shop.
 10022 | Snake:3  | Bought an uncursed amulet of resist mutation for 640 gold pieces
 10197 | Snake:3  | Noticed Jorgrun
 10307 | Snake:3  | Reached skill level 15 in Armour
 10312 | Snake:3  | Noticed Vashnia
 10351 | Snake:3  | Killed Vashnia
 10445 | Snake:3  | Found Fimaedwi's Gadget Shoppe.
 10449 | Snake:3  | Bought a wand of heal wounds (3) for 504 gold pieces
 10483 | Snake:3  | Reached skill level 23 in Axes
 10506 | Snake:3  | Reached XP level 16. HP: 29/143 MP: 3/16
 10590 | Snake:4  | Entered Level 4 of the Snake Pit
 10599 | Snake:4  | Received a gift from Trog
 10750 | Snake:3  | Found a shimmering altar of Xom.
 11512 | Snake:4  | Reached skill level 24 in Axes
 11895 | Snake:4  | Reached XP level 17. HP: 39/149 MP: 5/17
 12203 | Snake:4  | Got a serpentine rune of Zot
 12821 | Lair:3   | Found a staircase to the Swamp.
 12829 | Lair:3   | Noticed Fannar
 12850 | Lair:3   | Killed Fannar
 12882 | Swamp:1  | Entered Level 1 of the Swamp
 12894 | Swamp:1  | Reached skill level 25 in Axes
 13186 | Swamp:3  | Noticed Mara
 13204 | Swamp:3  | Noticed brucemayne's illusion
 13209 | Swamp:3  | Killed Mara
 13250 | Swamp:4  | Entered Level 4 of the Swamp
 13290 | Swamp:3  | Received a gift from Trog
 13629 | Swamp:4  | Noticed a Shadow Fiend
 13636 | Swamp:4  | Killed a Shadow Fiend
 13768 | Swamp:4  | Reached skill level 26 in Axes
 13834 | Swamp:4  | Noticed a tentacled monstrosity
 13852 | Swamp:4  | Killed a tentacled monstrosity
 13852 | Swamp:4  | Reached XP level 18. HP: 91/159 MP: 2/18
 13920 | Swamp:4  | Got a decaying rune of Zot
 14389 | Lair:3   | You fall through a shaft!
 14517 | Slime:1  | Entered Level 1 of the Pits of Slime
 14644 | Slime:1  | Reached skill level 1 in Evocations
 14987 | Slime:3  | Reached skill level 5 in Evocations
 15698 | Slime:6  | Entered Level 6 of the Pits of Slime
 15763 | Slime:6  | Received a gift from Trog
 16037 | Slime:6  | Found a viscous altar of Jiyva.
 16046 | Slime:6  | Noticed the royal jelly
 16062 | Slime:6  | HP: 2/159 [the royal jelly (39)]
 16062 | Slime:6  | Splashed by the royal jelly's acid

Vault maps used:
D:1:      dpeg_arrival_rooms_a
D:2:      evilmike_ruin_ashenzari, uniq_jessica, uniq_robin, uniq_natasha
D:3:      vehumet_altar_wand_db, ecumenical_altar_2
D:4:      kennysheep_little_box, old_standard_altar, first_bread,
          minmay_fountain_box, hangedman_decor_push,
          minmay_hollow_rounded_squares
D:5:      minitemple, grunt_dithmenos_shadows, kennysheep_generic_room_5
D:6:      lemuel_doored_altar, serial_shops, kennysheep_mini_moat,
          nicolae_ossuary_entry_catacombs
D:7:      temple_green, minmay_misc_feat_columns, grunt_livestock
D:8:      uniq_gastronok
D:9:      nicolae_overflow_hidden_temple, uniq_psyche
D:10:     grunt_lair_entry_elf_guard_hut
D:11:     hiddenorc1_lemuel, enter_trove_6, minmay_misc_feat_plants
D:13:     minmay_ornate_pinched, serial_undead, serial_undead_a,
          serial_undead_b, serial_undead_e, serial_undead_e, uniq_josephine,
          uniq_maud
Lair:1:   lab_entry_generic, grunt_megastairs_2
Lair:2:   minmay_hedge_maze, grunt_forest_large_clearing_hut,
          infiniplex_staircase_pool
Lair:3:   swamp_mist_pool, enter_volcano_4, nicolae_lair_grove_arrangements,
          lemuel_fruit_tree, uniq_fannar
Lair:5:   guppyfry_snake_entry_garden
Lair:6:   nicolae_volcano_entry_hallway, hangedman_lair_unloving_vines,
          beast_lair_carwin_3, uniq_snorg
Lair:7:   nicolae_slime_entry_slimehenge, serial_bayou_pond_a,
          lookout_lair_type, lemuel_fruit_fields
Lair:8:   minmay_lair_end_frog_pond
Swamp:1:  evilmike_swamp_ruin_house_5, swamp_pool4, nicolae_swamp_trees_clearing
Swamp:2:  nicolae_swamp_phyte_club, nicolae_swamp_dense_foliage, swamp_pool1,
          infiniplex_staircase_pool_2
Swamp:3:  evilmike_swamp_ruin_rubble_2, uniq_mara
Swamp:4:  swamp_vile
Snake:1:  uniq_aizul, uniq_frances
Snake:2:  stair_cage_line
Snake:3:  serial_shops, shop, nicolae_shop_trees, shop,
          nicolae_shop_overgrown_old_shop, basic_altar,
          hangedman_snake_sidewinding, uniq_vashnia, uniq_jorgrun, uniq_agnes
Snake:4:  snake_pit_salamanders_mu
Orc:1:    serial_shops, nicolae_shop_statue_plus
Orc:2:    serial_shops, nicolae_shop_behind_doors, uniq_urug
Orc:3:    portal_ice_cave_entry_animals_and_master, serial_shops, shop,
          nicolae_orc_pool_cavern, uniq_sonja, uniq_nessos
Orc:4:    st_orc_ogre_mass, lightli_church_of_beogh, uniq_saint_roka,
          uniq_maurice
Lab:      nicolae_lab_stuck, nicolae_lab_hexagon, labyrinth_fake_exit,
          nicolae_lab_arrow, nicolae_lab_statue, nicolae_lab_dead_end
Volcano:  volcano_pools

Action                   |  1- 3 |  4- 6 |  7- 9 | 10-12 | 13-15 | 16-18 || total
-------------------------+-------+-------+-------+-------+-------+-------++-------
Melee: Hand axe          |    26 |   120 |   132 |       |       |       ||   278
       War axe           |       |       |    15 |   134 |       |       ||   149
       Battleaxe         |       |       |       |   471 |   916 |   600 ||  1987
       Executioner's axe |       |       |       |       |       |   482 ||   482
Throw: Javelin           |       |       |       |     3 |       |       ||     3
Invok: Berserk           |     3 |     5 |     7 |    15 |    11 |    19 ||    60
       Trog's Hand       |       |     2 |     3 |    17 |    25 |    62 ||   109
       Brothers in Arms  |       |       |       |     5 |     2 |     2 ||     9
Evoke: Wand              |       |       |       |       |     8 |     2 ||    10
       Box of beasts     |       |       |       |       |       |     1 ||     1
  Use: Potion            |       |       |     5 |     6 |     4 |     6 ||    21
       Scroll            |       |       |       |    11 |    21 |    12 ||    44
 Stab: Distracted        |       |       |       |       |     2 |       ||     2
  Eat: Chunk             |       |     8 |    14 |    31 |    21 |    15 ||    89
       Beef jerky        |       |       |     1 |     1 |       |     2 ||     4
       Bread ration      |       |       |       |     1 |     2 |     3 ||     6
       Fruit             |       |       |       |     1 |    11 |    12 ||    24
       Pizza             |       |       |       |       |     2 |     1 ||     3
       Royal jelly       |       |       |       |       |       |     1 ||     1
       Meat ration       |       |       |       |       |       |     2 ||     2
